 Dungeon Crawl Stone Soup version 0.24-a0-84-g25a2d9f (webtiles) character file.

Game seed: 8554253677709757549

88 Blackhawk the Ruffian (level 4, -4/41 HPs)
             Began as a Troll Hunter on Feb 7, 2019.
             Slain by Sigmund
             ... wielding a +0 scythe
              (9 damage)
             ... on level 2 of the Dungeon.
             The game lasted 00:02:26 (1458 turns).

Blackhawk the Ruffian (Troll Hunter)                Turns: 1458, Time: 00:02:27

Health: -4/41      AC:  6    Str: 20    XL:     4   Next: 29%
Magic:  3/3        EV: 10    Int:  7    God:
Gold:   67         SH:  0    Dex: 11    Spells: 3/3 levels left

rFire    . . .     SeeInvis .     - Unarmed
rCold    . . .     Gourm    +   (no shield)
rNeg     . . .     Faith    .   b - +0 robe
rPois    +         Spirit   .   (helmet restricted)
rElec    .         Reflect  .   (no cloak)
rCorr    .         Harm     .   (gloves unavailable)
MR       .....                  (boots unavailable)
Stlth    +.........             j - amulet of inaccuracy (curse)
HPRegen  0.53/turn              e - ring of poison resistance
MPRegen  0.08/turn              (no ring)

@: no status effects
A: large, unfitting armour, claws 3, fast metabolism 3, gourmand, regeneration
1, shaggy fur 1, tough skin 3
a: no special abilities


You were on level 2 of the Dungeon.
You were completely stuffed.

You visited 1 branch of the dungeon, and saw 2 of its levels.

You collected 67 gold pieces.

Inventory:

Hand Weapons
 a - a +0 short sword
Missiles
 c - 5 large rocks (quivered)
 d - 2 throwing nets
Armour
 b - a +0 robe (worn)
Jewellery
 e - a ring of poison resistance (left claw)
 j - a cursed amulet of inaccuracy (around neck)
Scrolls
 g - a scroll of fog {unknown}
 h - a scroll of amnesia {unknown}
 k - a scroll of identify {unknown}
 l - 3 scrolls of teleportation {unknown}
 m - a scroll of fear {unknown}
 p - a scroll of remove curse {unknown}
Potions
 i - 3 potions of heal wounds {unknown}
 o - a potion of curing {unknown}
Comestibles
 f - 5 rations


   Skills:
 - Level 1.5 Fighting
 - Level 3.6 Throwing
 - Level 1.5 Dodging
 - Level 0.3 Stealth
 * Level 4.0 Unarmed Combat


You had 3 spell levels left.
You didn't know any spells.
Your spell library was empty.

Dungeon Overview and Level Annotations

Branches:
Dungeon (2/15)

Altars:

Annotations:
D:2 Sigmund


Innate Abilities, Weirdness & Mutations

You are too large for most types of armour.
You have claws for hands.
Your metabolism is lightning-fast.
You like to eat raw meat.
Your natural rate of healing is unusually fast.
You are covered in fur. (AC +1)
You have extremely tough skin. (AC +3)


Message History

The bat is moderately wounded.
The bat hits you but does no damage. The bat hits you.
You completely miss the bat.
The bat is moderately wounded.
The bat closely misses you.
You claw the bat!
You kill the bat!
Something hits you but does no damage. Something hits you but does no damage.
You see here a bat corpse.
You completely miss something. You barely miss something. Something hits you.
You closely miss something. Something hits you!
* * * LOW HITPOINT WARNING * * *
You miss something.
An adder comes into view.
You completely miss something.
The adder hisses angrily.
Something hits you!
You die...

#....##.#
####.#
#(...#
...#....#
#....#
.##....#
####.#
.##....#
.# #....#
#....#
####.#
#.# #@#
#{#
####.##.#
........#
........#
........#
#####..S#
.....
###?>#


You could see an adder.

Vanquished Creatures
  Jessica (D:2)
  An ooze (D:1)
  A worm (D:2)
  3 dart slugs
  3 leopard geckos (D:1)
  4 bats
  3 giant cockroaches
  6 goblins (D:1)
  3 hobgoblins
  3 jackals (D:1)
  5 kobolds
  A quokka (D:2)
  A ball python (D:1)
  2 frilled lizards (D:1)
  7 rats
44 creatures vanquished.

Notes
Turn   | Place    | Note
-------+----------+-------------------------------------------
     0 | D:1      | Blackhawk the Troll Hunter began the quest for the Orb.
     0 | D:1      | Reached XP level 1. HP: 19/19 MP: 0/0
    49 | D:1      | Reached skill level 1 in Unarmed Combat
    87 | D:1      | Reached XP level 2. HP: 27/27 MP: 1/1
   123 | D:1      | Reached skill level 2 in Unarmed Combat
   485 | D:1      | Reached XP level 3. HP: 33/33 MP: 2/2
   679 | D:1      | Reached skill level 3 in Unarmed Combat
  1294 | D:2      | Noticed Jessica
  1304 | D:2      | Killed Jessica
  1304 | D:2      | Reached skill level 4 in Unarmed Combat
  1304 | D:2      | Reached XP level 4. HP: 33/41 MP: 3/3
  1441 | D:2      | Noticed Sigmund
  1458 | D:2      | Slain by Sigmund

Levels and vault maps discovered:

Skill      XL: |  1  2  3 |
---------------+----------+-----
Unarmed Combat | 1 2 4 |  4.0
Fighting       | |  1.5
Throwing       | |  3.6
Dodging        | |  1.5
Stealth        | |  0.3

Action                   |  1- 3 |  4- 6 || total
-------------------------+-------+-------++-------
Melee: Unarmed           |   170 |    17 ||   187
       Punch             |     1 |       ||     1
 Stab: Sleeping          |     3 |       ||     3
  Eat: Chunk             |    18 |     1 ||    19
Armor: Robe              |    64 |     8 ||    72
Dodge: Dodged            |    90 |    11 ||   101

Table legend:
 A = Non-vault XP
 B = Vault XP
 C = Vault XP percentage of total XP
 D = Non-vault monster count
 E = Vault monster count
 F = Vault count percentage of total count
                 A         B        C        D         E       F
            +---------+---------+-------+---------+---------+-------
      Total |      79 |      47 |  37.3 |      36 |       8 |  18.2
            +---------+---------+-------+---------+---------+-------
        D:1 |      54 |       9 |  14.3 |      24 |       6 |  20.0
        D:2 |      25 |      38 |  60.3 |      12 |       2 |  14.3
            +---------+---------+-------+---------+---------+-------
